EL
MONTGOMERY BISCUITS @ BIRMINGHAM BARONS
08/09/2045
 
TOP OF THE 1ST
Montgomery Biscuits batting - Pitching for Birmingham Barons : LHP Joel Beery
Pitching: LHP Joel Beery
Batting: LHB Jake Rheaume 0-0: Called Strike
0-1: Called Strike
0-2: Foul Ball, location: 2F
0-2: Ground out 4-3 (Groundball, 4, EV 104.4 MPH)
Batting: RHB Paul Landes 0-0: Called Strike
0-1: SINGLE (Groundball, 6, EV 98.1 MPH)
Batting: SHB Brett McEwen 0-0: Called Strike
0-1: Foul Ball, location: 2F
0-2: Ball
1-2: Ball
2-2: DOUBLE (Flyball, 8LXD, EV 106.9 MPH)
Paul Landes to third
Batting: RHB Dermott Kennelly 0-0: Called Strike
0-1: Ball
1-1: Fly out, F5 (Line Drive, 5, EV 76.2 MPH)
Batting: LHB Mario Ocana 0-0: Foul Ball, location: 2F
0-1: Ball
1-1: Fly out, F6 (Line Drive, 6, EV 75.6 MPH)
Top of the 1st over - 0 runs, 2 hits, 0 errors, 2 left on base; Montgomery 0 - Birmingham 0
BOTTOM OF THE 1ST
Birmingham Barons batting - Pitching for Montgomery Biscuits : RHP Cheng-ho Hsu
Pitching: RHP Cheng-ho Hsu
Batting: RHB Adam Lambert 0-0: Ball
1-0: Bunt missed!
1-1: Ball
2-1: Ball
3-1: Ground out U3 (Groundball, 13, EV 80.6 MPH)
Batting: SHB In-sung Lee 0-0: Swinging Strike
0-1: Foul Ball, location: 2F
0-2: Foul Ball, location: 2F
0-2: Foul Ball, location: 2F
0-2: Strikes out looking
Batting: LHB Alberto Carrasco 0-0: Ground out U3 (Groundball, 3S, EV 89.4 MPH)
Bottom of the 1st over - 0 runs, 0 hits, 0 errors, 0 left on base; Montgomery 0 - Birmingham 0
TOP OF THE 2ND
Montgomery Biscuits batting - Pitching for Birmingham Barons : LHP Joel Beery
Batting: LHB Jimmy Detrie 0-0: Swinging Strike
0-1: Called Strike
0-2: Ball
1-2: Ground out U3 (Groundball, 3, EV 88.8 MPH)
Batting: RHB Devin Brown 0-0: SINGLE (Groundball, 34, EV 108.1 MPH)
Batting: RHB Kevin Kush 0-0: Called Strike
0-1: Foul Ball, location: 2F
0-2: Ball
1-2: Strikes out swinging
Batting: RHB Jose Herrera 0-0: Fielders Choice at 2nd, 5-4 (Groundball, 5, EV 80.0 MPH)
Top of the 2nd over - 0 runs, 1 hit, 0 errors, 1 left on base; Montgomery 0 - Birmingham 0
BOTTOM OF THE 2ND
Birmingham Barons batting - Pitching for Montgomery Biscuits : RHP Cheng-ho Hsu
Batting: RHB Mike Warzecha 0-0: Ball
1-0: Ball
2-0: Fly out, F9 (Flyball, 9LM, EV 94.4 MPH)
Batting: RHB Hector Padilla 0-0: Ball
1-0: Called Strike
1-1: Swinging Strike
1-2: Ball
2-2: Ball
3-2: Strikes out swinging
Batting: RHB Paul Lloyd 0-0: Foul Ball, location: 2F
0-1: Swinging Strike
0-2: Strikes out looking
Bottom of the 2nd over - 0 runs, 0 hits, 0 errors, 0 left on base; Montgomery 0 - Birmingham 0
TOP OF THE 3RD
Montgomery Biscuits batting - Pitching for Birmingham Barons : LHP Joel Beery
Batting: LHB Jake Rheaume 0-0: Swinging Strike
0-1: Called Strike
0-2: Ball
1-2: Ball
2-2: SINGLE (Line Drive, 4M, EV 97.5 MPH)
Batting: RHB Paul Landes 0-0: Foul Ball, location: 2F
0-1: Ball
Jake Rheaume steals 2nd base
1-1: Foul Ball, location: 2F
1-2: Ball
2-2: DOUBLE (Flyball, 78XD, EV 109.4 MPH)
Jake Rheaume scores
Batting: SHB Brett McEwen 0-0: Foul Ball, location: 2F
0-1: Foul Ball, location: 2F
0-2: Foul Ball, location: 2F
0-2: Ground out 6-3 (Groundball, 6, EV 81.2 MPH)
Batting: RHB Dermott Kennelly 0-0: Ball
Wild Pitch!
Paul Landes to third
1-0: Fly out, F8 (Flyball, 8RS, EV 86.2 MPH)
Batting: LHB Mario Ocana 0-0: Ball
1-0: Ball
2-0: Foul Ball, location: 2F
2-1: Ball
3-1: Called Strike
3-2: Ground out U3 (Groundball, 13, EV 88.1 MPH)
Top of the 3rd over - 1 run, 2 hits, 0 errors, 1 left on base; Montgomery 1 - Birmingham 0
BOTTOM OF THE 3RD
Birmingham Barons batting - Pitching for Montgomery Biscuits : RHP Cheng-ho Hsu
Batting: RHB Jamie Ogilvie 0-0: Foul Ball, location: 2F
0-1: Ball
1-1: Ball
2-1: SINGLE (Line Drive, 4D, EV 93.8 MPH)
Batting: RHB Jeff Cox 0-0: Foul Ball, location: 2F
0-1: Called Strike
0-2: Ball
1-2: Hit by Pitch
Jamie Ogilvie to second
Batting: RHB Felix Torres 0-0: Ball
1-0: Called Strike
1-1: Ball
2-1: Foul Ball, location: 2F
2-2: Foul Ball, location: 2F
2-2: Strikes out swinging
Batting: RHB Adam Lambert 0-0: Called Strike
0-1: Ball
1-1: Foul Ball, location: 2F
1-2: Ball
2-2: Strikes out swinging
Batting: SHB In-sung Lee 0-0: Ball
1-0: Foul Ball, location: 2F
1-1: Foul Ball, location: 2F
1-2: Strikes out swinging
Bottom of the 3rd over - 0 runs, 1 hit, 0 errors, 2 left on base; Montgomery 1 - Birmingham 0
TOP OF THE 4TH
Montgomery Biscuits batting - Pitching for Birmingham Barons : LHP Joel Beery
Batting: LHB Jimmy Detrie 0-0: Ball
1-0: Foul Ball, location: 2F
1-1: Swinging Strike
1-2: Foul Ball, location: 2F
1-2: SINGLE (Groundball, 6M, EV 99.4 MPH)
Batting: RHB Devin Brown 0-0: Called Strike
0-1: Called Strike
0-2: Ball
1-2: Ball
2-2: Fly out, F3 (Popup, 34S, EV 83.8 MPH)
Batting: RHB Kevin Kush 0-0: Foul Ball, location: 2F
0-1: SINGLE (Groundball, 56, EV 108.8 MPH)
Jimmy Detrie to second
Batting: RHB Jose Herrera 0-0: Ball
1-0: Foul Ball, location: 2F
1-1: Called Strike
1-2: Foul Ball, location: 2F
1-2: Ball
2-2: SINGLE (Groundball, 6D, EV 101.9 MPH)
Jimmy Detrie to third
Kevin Kush to second
Runner from 3rd tries for Home, throw by CF and OUT! 8-2
Kevin Kush to third
Jose Herrera to second
Batting: LHB Jake Rheaume 0-0: Ball
1-0: Ball
2-0: Foul Ball, location: 2F
2-1: Fly out, F9 (Flyball, 9, EV 90.0 MPH)
Top of the 4th over - 0 runs, 3 hits, 0 errors, 2 left on base; Montgomery 1 - Birmingham 0
BOTTOM OF THE 4TH
Birmingham Barons batting - Pitching for Montgomery Biscuits : RHP Cheng-ho Hsu
Batting: LHB Alberto Carrasco 0-0: Called Strike
0-1: Called Strike
0-2: Strikes out swinging
Batting: RHB Mike Warzecha 0-0: SINGLE (Line Drive, 6D, EV 100.0 MPH)
Batting: RHB Hector Padilla 0-0: Ball
1-0: Foul Ball, location: 2F
1-1: Ball
2-1: Ball
3-1: Base on Balls
Mike Warzecha to second
Batting: RHB Paul Lloyd 0-0: Called Strike
0-1: Fly out, F8 (Flyball, 8LS, EV 92.5 MPH)
Batting: RHB Jamie Ogilvie 0-0: Ball
1-0: Ball
2-0: Called Strike
2-1: Ground out 1-3 (Groundball, 13S, EV 65.6 MPH)
Bottom of the 4th over - 0 runs, 1 hit, 0 errors, 2 left on base; Montgomery 1 - Birmingham 0
TOP OF THE 5TH
Montgomery Biscuits batting - Pitching for Birmingham Barons : LHP Joel Beery
Batting: RHB Paul Landes 0-0: Ball
1-0: Swinging Strike
1-1: Foul Ball, location: 2F
1-2: SINGLE (Groundball, 6MD, EV 95.0 MPH)
Batting: SHB Brett McEwen 0-0: Ball
1-0: Ball
2-0: Ball
3-0: Called Strike
3-1: Called Strike
3-2: Foul Ball, location: 2F
3-2: Foul Ball, location: 2F
3-2: Fly out, F7 (Flyball, 78XD, EV 92.5 MPH)
Batting: RHB Dermott Kennelly Balk!
Paul Landes to second
0-0: Called Strike
0-1: SINGLE (Groundball, 34D, EV 100.0 MPH)
Paul Landes to third
Batting: LHB Mario Ocana 0-0: Called Strike
0-1: Grounds into double play, 4-6-3 (Groundball, 4, EV 104.4 MPH)
Top of the 5th over - 0 runs, 2 hits, 0 errors, 1 left on base; Montgomery 1 - Birmingham 0
BOTTOM OF THE 5TH
Birmingham Barons batting - Pitching for Montgomery Biscuits : RHP Cheng-ho Hsu
Batting: RHB Jeff Cox 0-0: Ball
1-0: Ball
2-0: Ground out 3-1 (Groundball, 34, EV 103.8 MPH)
Batting: RHB Felix Torres 0-0: Swinging Strike
0-1: Ball
1-1: Called Strike
1-2: Ball
2-2: Strikes out looking
Batting: RHB Adam Lambert 0-0: Ball
1-0: Foul Ball, location: 2F
1-1: Ball
2-1: Ball
3-1: Ground out 5-3 (Groundball, 5S, EV 90.0 MPH)
Bottom of the 5th over - 0 runs, 0 hits, 0 errors, 0 left on base; Montgomery 1 - Birmingham 0
TOP OF THE 6TH
Montgomery Biscuits batting - Pitching for Birmingham Barons : LHP Joel Beery
Batting: LHB Jimmy Detrie 0-0: Ball
1-0: Foul Ball, location: 2F
1-1: Foul Ball, location: 2F
1-2: Ball
2-2: Foul Ball, location: 2F
2-2: Strikes out swinging
Batting: RHB Devin Brown 0-0: Ball
1-0: SINGLE (Line Drive, 8LS, EV 100.0 MPH)
Batting: RHB Kevin Kush 0-0: Foul Ball, location: 2F
0-1: Foul Ball, location: 2F
0-2: Foul Ball, location: 2F
0-2: Ball
1-2: Foul Ball, location: 2F
1-2: Strikes out swinging
Pitching: RHP Tony Contreras
Batting: RHB Jose Herrera 0-0: Ball
1-0: Ground out 6-3 (Groundball, 6S, EV 87.5 MPH)
Top of the 6th over - 0 runs, 1 hit, 0 errors, 1 left on base; Montgomery 1 - Birmingham 0
BOTTOM OF THE 6TH
Birmingham Barons batting - Pitching for Montgomery Biscuits : RHP Cheng-ho Hsu
Batting: SHB In-sung Lee 0-0: Fly out, F8 (Flyball, 78D, EV 104.4 MPH)
Batting: LHB Alberto Carrasco 0-0: Called Strike
0-1: Ball
1-1: Ball
2-1: Called Strike
2-2: Foul Ball, location: 2F
2-2: Foul Ball, location: 2F
2-2: Ground out 4-3 (Groundball, 4, EV 90.6 MPH)
Batting: RHB Mike Warzecha 0-0: Swinging Strike
0-1: Called Strike
0-2: Ball
1-2: Ball
2-2: Strikes out swinging, 2-3 out at first.
Bottom of the 6th over - 0 runs, 0 hits, 0 errors, 0 left on base; Montgomery 1 - Birmingham 0
TOP OF THE 7TH
Montgomery Biscuits batting - Pitching for Birmingham Barons : RHP Tony Contreras
Batting: LHB Jake Rheaume 0-0: DOUBLE (Flyball, 8RXD, EV 101.9 MPH)
Batting: RHB Paul Landes 0-0: Foul Ball, location: 2F
0-1: Ball
1-1: Ball
2-1: Foul Ball, location: 2F
2-2: SINGLE (Groundball, 6MD, EV 102.5 MPH)
Jake Rheaume to third
Runner from 3rd tries for Home, SAFE, throw by CF to home
Batting: SHB Brett McEwen 0-0: Foul Ball, location: 2F
0-1: Swinging Strike
0-2: Grounds into double play, 6-4-3 (Groundball, 6, EV 102.5 MPH)
Batting: RHB Dermott Kennelly 0-0: Swinging Strike
0-1: Ball
1-1: Swinging Strike
1-2: Ball
2-2: Ball
3-2: Strikes out swinging
Top of the 7th over - 1 run, 2 hits, 0 errors, 0 left on base; Montgomery 2 - Birmingham 0
BOTTOM OF THE 7TH
Birmingham Barons batting - Pitching for Montgomery Biscuits : RHP Cheng-ho Hsu
Batting: RHB Hector Padilla 0-0: DOUBLE (Line Drive, 9LD, EV 107.5 MPH)
Batting: RHB Paul Lloyd 0-0: Ball
1-0: Ball
2-0: Ground out 6-3 (Groundball, 6, EV 93.1 MPH)
Hector Padilla to third
Batting: RHB Jamie Ogilvie 0-0: Ball
1-0: Ball
2-0: Called Strike
2-1: Foul Ball, location: 2F
2-2: Ball
3-2: Fly out, F7 (Flyball, 78XD, EV 86.9 MPH)
Runner from 3rd tags up, SCORES, no throw by LF
Batting: RHB Jeff Cox 0-0: Called Strike
0-1: DOUBLE (Groundball, 3L, EV 101.2 MPH)
Batting: RHB Felix Torres 0-0: Called Strike
0-1: Ball
1-1: Ball
2-1: Foul Ball, location: 2F
2-2: Ball
3-2: Foul Ball, location: 2F
3-2: Base on Balls
Pitching: LHP Frank Rodriguez
Batting: RHB Adam Lambert 0-0: Ground out 5-3 (Groundball, 5S, EV 90.6 MPH)
Bottom of the 7th over - 1 run, 2 hits, 0 errors, 2 left on base; Montgomery 2 - Birmingham 1
TOP OF THE 8TH
Montgomery Biscuits batting - Pitching for Birmingham Barons : RHP Tony Contreras
Batting: LHB Mario Ocana 0-0: Ball
1-0: Ball
2-0: Called Strike
2-1: Ground out 1-3 (Groundball, 13, EV 67.5 MPH)
Batting: LHB Jimmy Detrie 0-0: Foul Ball, location: 2F
0-1: SINGLE (Groundball, 4, EV 108.8 MPH)
Batting: RHB Devin Brown 0-0: DOUBLE (Line Drive, 89D, EV 109.4 MPH)
Jimmy Detrie to third
Batting: RHB Kevin Kush 0-0: Ball
1-0: Called Strike
1-1: Ball
2-1: Ball
3-1: SINGLE (Line Drive, 89S, EV 88.1 MPH)
Jimmy Detrie scores
Devin Brown to third
Runner from 3rd tries for Home, SAFE, throw by RF to home
Kevin Kush to second
Pitching: RHP Mario Zarate
Batting: RHB Jose Herrera 0-0: Called Strike
Kevin Kush steals 3rd base
0-1: Ball
1-1: Called Strike
1-2: Strikes out swinging
Batting: LHB Jake Rheaume 0-0: Called Strike
0-1: Ball
1-1: SINGLE (Flyball, 7LS, EV 91.9 MPH)
Kevin Kush scores
Batting: RHB Paul Landes 0-0: Called Strike
0-1: Ball
1-1: Called Strike
1-2: Foul Ball, location: 2F
1-2: Ball
2-2: Foul Ball, location: 2F
2-2: Ball
3-2: Base on Balls
Jake Rheaume to second
Batting: SHB Brett McEwen 0-0: Ball
1-0: Fly out, F8 (Flyball, 8LD, EV 91.2 MPH)
Top of the 8th over - 3 runs, 4 hits, 0 errors, 2 left on base; Montgomery 5 - Birmingham 1
BOTTOM OF THE 8TH
Birmingham Barons batting - Pitching for Montgomery Biscuits : LHP Frank Rodriguez
Batting: SHB In-sung Lee 0-0: Called Strike
0-1: Foul Ball, location: 2F
0-2: Ball
1-2: Foul Ball, location: 2F
1-2: Strikes out swinging
Batting: LHB Alberto Carrasco 0-0: Ball
1-0: Ball
2-0: Ball
3-0: Base on Balls
Batting: RHB Mike Warzecha 0-0: Ball
1-0: Ball
2-0: Foul Ball, location: 2F
2-1: Foul Ball, location: 2F
2-2: Foul Ball, location: 2F
2-2: Foul Ball, location: 2F
2-2: Foul Ball, location: 2F
2-2: Ball
3-2: Foul Ball, location: 2F
3-2: Fielders Choice at 2nd, 3-6 (Groundball, 34S, EV 89.4 MPH)
Batting: RHB Hector Padilla 0-0: Called Strike
0-1: 2-RUN HOME RUN (Flyball, 7D, EV 100.0 MPH), Distance : 377 ft
Batting: RHB Paul Lloyd 0-0: Foul Ball, location: 2F
0-1: Foul Ball, location: 2F
0-2: Ball
1-2: Foul Ball, location: 2F
1-2: Ball
2-2: Foul Ball, location: 2F
2-2: Fly out, F2 (Popup, 23F, EV 91.2 MPH)
Bottom of the 8th over - 2 runs, 1 hit, 0 errors, 0 left on base; Montgomery 5 - Birmingham 3
TOP OF THE 9TH
Montgomery Biscuits batting - Pitching for Birmingham Barons : RHP Mario Zarate
Pitching: RHP Michael McMurry
Batting: RHB Dermott Kennelly 0-0: Ball
1-0: Ball
2-0: Called Strike
2-1: Swinging Strike
2-2: Strikes out swinging
Batting: LHB Mario Ocana 0-0: Swinging Strike
0-1: Hit by Pitch
Batting: LHB Jimmy Detrie 0-0: Called Strike
0-1: Foul Ball, location: 2F
0-2: Ball
1-2: Ball
2-2: Fielders Choice at 2nd, 3-6 (Groundball, 3S, EV 83.1 MPH)
Batting: RHB Devin Brown 0-0: Fly out, F8 (Line Drive, 8LM, EV 104.4 MPH)
Top of the 9th over - 0 runs, 0 hits, 0 errors, 1 left on base; Montgomery 5 - Birmingham 3
BOTTOM OF THE 9TH
Birmingham Barons batting - Pitching for Montgomery Biscuits : LHP Frank Rodriguez
Pitching: RHP Nelson Dawson
Batting: RHB Jamie Ogilvie 0-0: Called Strike
0-1: Ball
1-1: Ball
2-1: Ball
3-1: Ground out 3-1 (Groundball, 34S, EV 81.2 MPH)
Pinch Hitting: LHB Wes Goscinski 0-0: Ball
1-0: Foul Ball, location: 2F
1-1: Swinging Strike
1-2: Strikes out swinging
Pinch Hitting: LHB Dustin Taylor 0-0: Ball
1-0: Called Strike
1-1: Ball
2-1: Foul Ball, location: 2F
2-2: Ground out 6-3 (Groundball, 6M, EV 82.5 MPH)
Bottom of the 9th over - 0 runs, 0 hits, 0 errors, 0 left on base; Montgomery 5 - Birmingham 3
Wednesday, June 22nd , 2022 - OOTP Baseball 23.4 Build 64